[Event "FRA-ch Teams Top 16-B 2022"]
[Site "Chartres"]
[Date "2022.06.09"]
[Round "1.30"]
[White "Pelletier, Yannick"]
[Black "Nezar, Mustapha"]
[Result "1-0"]
[ECO "A11"]
[WhiteElo "2556"]
[BlackElo "2357"]
[Annotator "TA"]
[PlyCount "87"]
[EventDate "2022.06.09"]
[EventType "team-tourn"]
[EventCountry "FRA"]
[SourceTitle "playchess.com"]
[Source "ChessBase"]
[SourceQuality "1"]
[TimeControl "40/5400+30:1800+30"]

1. Nf3 Nf6 2. c4 c6 3. b3 g6 4. Bb2 Bg7 5. g3 O-O 6. Bg2 d5 7. O-O b6 8. d4 {[%emt 0:21:52] A11: English Opening: 1...c6.} Bb7 9. Nc3 e6 {[%emt 0:10:45] The modern move.} 10. Qc2 {[%emt 0:03:01] White has an edge.} Qe7 11. Rfd1 Nbd7 12. a4 Rfd8 13. a5 {[%emt 0:03:23] [#]} c5 $146 ({Predecessor:} 13... dxc4 14. bxc4 c5 15. a6 Bxf3 16. Bxf3 cxd4 17. Nb5 e5 18. Bg2 Nc5 19. Ba3 Rab8 20. Bxc5 bxc5 {½-½ (46) Sales,G (2139)-Almeida,C (1905) Recife 2014}) 14. a6 $1 Bc6 15. Ne5 $36 {[%emt 0:01:49][%mdl 2048] White is in control.} Nxe5 16. dxe5 Ng4 17. cxd5 exd5 18. Nxd5 Bxd5 19. Bxd5 Rab8 20. Ra4 $1 Nxe5 21. Re4 Qc7 {[%emt 0:01:12] [#]} 22. Bc3 {[%emt 0:03:30] This bishop pair is nice.} (22. f4 $1 $16 Ng4 23. Bxg7 Kxg7 24. Qc3+ Nf6 25. g4 Rxd5 26. Rxd5) 22... Nc6 ({Black should play} 22... Rd7 $1 $14) 23. Bxg7 $16 {[%emt 0:02:29] White is more active. Black is now going downhill.} Kxg7 24. Bxc6 Qxc6 {[%emt 0:02:59] [#]} 25. Re7 $1 Qf6 (25... b5 $16 {was called for.}) 26. Rxa7 {[%emt 0:00:32] Black must now prevent Rb7.} Rxd1+ 27. Qxd1 $18 {[%emt 0:00:05][%mdl 4096] Endgame Hoping for Rd7. KQR-KQR} Rd8 (27... b5 $142 28. Qd5 Rb6 29. Qxc5 (29. Qa8 Qe6 $14) 29... Rxa6) 28. Qc1 Qe6 29. Qc3+ Kg8 $2 (29... Qf6 30. Qxf6+ Kxf6) 30. Qc4 Qxc4 31. bxc4 {[%emt 0:00:02] KR-KR} Rd1+ 32. Kg2 Ra1 (32... Kg7 $142 33. Rb7 Ra1) 33. Kf3 Ra4 34. Ra8+ Kg7 35. a7 Kf6 36. e4 h5 37. e5+ Kg7 38. Ke3 h4 39. gxh4 Kh7 40. f4 Kg7 41. h5 {[%emt 0:29:22] aiming for hxg6.} gxh5 42. f5 {[%emt 0:00:15] And now f6+ would win.} h4 43. f6+ Kh7 44. e6 {[%emt 0:00:00] Weighted Error Value: White=0.13 (very precise) /Black=0.67} 1-0

[Event "FRA-ch Teams Top 16-B 2022"]
[Site "Chartres"]
[Date "2022.06.09"]
[Round "1.31"]
[White "Steil-Antoni, Fiona"]
[Black "Degraeve, Jean-Marc"]
[Result "1/2-1/2"]
[ECO "B07"]
[WhiteElo "2198"]
[BlackElo "2520"]
[Annotator "TA"]
[PlyCount "74"]
[EventDate "2022.06.09"]
[EventType "team-tourn"]
[EventCountry "FRA"]
[SourceTitle "playchess.com"]
[Source "ChessBase"]
[SourceQuality "1"]
[TimeControl "40/5400+30:1800+30"]

1. e4 d6 2. d4 Nf6 3. Bd3 e5 4. c3 d5 5. dxe5 Nxe4 6. Nf3 Nc6 7. h3 {[%emt 0:02:46] 7.0-0 is a critical line. B07: Pirc Defence: Miscellaneous Systems.} Be7 8. O-O O-O {[%emt 0:23:19] [#]} 9. Re1 $146 (9. Qc2 $14) ({Predecessor:} 9. Qc2 Bf5 10. Nbd2 Nxd2 11. Bxd2 Bxd3 12. Qxd3 Qd7 13. Rae1 Rad8 14. Re2 a6 15. Rfe1 {0-1 (59) Velickovic,S (2399)-Nyback,T (2420) Belgrade 2002}) 9... Bf5 $11 10. Nd4 Bg6 (10... Qd7 {feels hotter.} 11. Bb5 a6 12. Bxc6 bxc6 13. Nd2 Nxd2 14. Bxd2 c5) 11. Nxc6 bxc6 12. Bxe4 Bxe4 13. Nd2 Bg6 14. Nb3 a5 15. Be3 Qb8 16. Qd2 a4 17. Bc5 axb3 18. Bxe7 Re8 19. Ba3 Rxa3 20. bxa3 b2 21. Rab1 Bxb1 22. Rxb1 Rxe5 23. Rxb2 {[%emt 0:03:27][%mdl 4096] Endgame KQR-KQR} Qe8 24. Qf4 {[%emt 0:02:34][%cal Of4e5] [#] Threatens to win with Qxe5!} f6 25. a4 Qc8 26. a5 Re1+ 27. Kh2 {[%emt 0:00:09][%cal Oa5a6] aiming for a6!} Re4 28. Qc1 h5 (28... Qa8 $11) 29. Qb1 (29. Qd1 $16) 29... Kf7 30. Rb7 (30. Qd1 $16) 30... Qd7 (30... Qf5 $5 ) 31. a6 {[%emt 0:04:56] [#] Strongly threatening a7.} Qd6+ $1 32. Kg1 (32. g3 $1 $14 h4 33. a7) 32... Qe5 {[%emt 0:01:13] ...Re1+ is the strong threat. The position is equal.} 33. a7 Re1+ 34. Qxe1 Qxe1+ 35. Kh2 Qe5+ 36. Kg1 Qe1+ 37. Kh2 Qe5+ {[%emt 0:00:38] Weighted Error Value: White=0.14 (very precise) /Black=0.16 (very precise)} 1/2-1/2

[Event "FRA-ch Teams Top 16-B 2022"]
[Site "Chartres"]
[Date "2022.06.09"]
[Round "1.32"]
[White "Guichard, Pauline"]
[Black "Adrian, Claude"]
[Result "1-0"]
[ECO "A59"]
[WhiteElo "2377"]
[BlackElo "2175"]
[Annotator "TA"]
[PlyCount "72"]
[EventDate "2022.06.09"]
[EventType "team-tourn"]
[EventCountry "FRA"]
[SourceTitle "playchess.com"]
[Source "ChessBase"]
[SourceQuality "1"]
[TimeControl "40/5400+30:1800+30"]

1. d4 Nf6 2. c4 c5 3. d5 b5 4. cxb5 a6 5. bxa6 g6 6. Nc3 Bxa6 7. e4 Bxf1 8. Kxf1 d6 9. Nf3 Bg7 10. g3 O-O 11. Kg2 Nbd7 12. a4 {[%emt 0:00:18] The modern move. A59: Benko/Volga Gambit: White castles by hand.} Qb6 13. Re1 Qb7 14. Ra3 {[%emt 0:13:40] [#] White is slightly better.} Ne8 $146 (14... Ra6 $14) ({Predecessor:} 14... Rfb8 15. Nb5 Nb6 16. b3 Nfd7 17. Qe2 c4 18. bxc4 Rc8 19. Bg5 Nxc4 20. Ra2 Ndb6 {1-0 (45) Lalic,B (2486)-Bentley,J (2240) England 2013}) 15. Bg5 $16 f6 16. Bd2 {[%emt 0:03:52] White is more active.} Nc7 17. Qc2 Rab8 18. Bc1 f5 (18... Nb6 $16 {might work better.}) 19. exf5 $18 Nxd5 20. Nxd5 Qxd5 21. fxg6 ({Stronger than} 21. Rxe7 Ne5 $11) 21... hxg6 22. Qxg6 {[%emt 0:03:24] Dancing on a razor blade.} ({Better is} 22. Rxe7 $18 Ne5 23. Bf4) 22... Ne5 $16 23. Qe4 Qxe4 (23... Qf7 $16) 24. Rxe4 $18 Nxf3 25. Rxf3 Rxf3 26. Kxf3 $16 {[%emt 0:00:06][%mdl 4096] Endgame KRB-KRB} Kf7 27. a5 Bxb2 $2 (27... Bd4 28. Be3 Bxe3) 28. Bxb2 $18 {[%emt 0:01:30] White is clearly winning.} Rxb2 {[%emt 0:00:12] KR-KR} 29. Ra4 {[%emt 0:00:16] Prevents Ra2.} Ke6 30. a6 {[%emt 0:04:17] [#] Threatens to win with a7.} Rb8 31. a7 Ra8 32. h4 d5 33. h5 Kf5 34. g4+ Kg5 35. Ra6 e6 36. Rxe6 {[%emt 0:00:52] [#] Threatening mate with Kg3.} Rxa7 {[%emt 0:00:30] Weighted Error Value: White=0.09 (flawless) /Black=0.43} 1-0

[Event "FRA-ch Teams Top 16-B 2022"]
[Site "Chartres"]
[Date "2022.06.10"]
[Round "2.1"]
[White "Donchenko, Alexander"]
[Black "Kirk, Ezra"]
[Result "1-0"]
[ECO "E04"]
[WhiteElo "2599"]
[BlackElo "2446"]
[Annotator "TA"]
[PlyCount "112"]
[EventDate "2022.06.09"]
[EventType "team-tourn"]
[EventCountry "FRA"]
[SourceTitle "playchess.com"]
[Source "ChessBase"]
[SourceQuality "1"]
[TimeControl "40/5400+30:1800+30"]

1. d4 Nf6 2. c4 e6 3. Nf3 d5 4. g3 dxc4 5. Bg2 a6 6. O-O Nc6 7. e3 Rb8 8. Nfd2 e5 {[%emt 0:01:21] E04: Open Catalan: 5 Nf3.} 9. Bxc6+ bxc6 10. dxe5 Ng4 {[%emt 0:00:15] White is slightly better.} 11. Nxc4 Be6 12. Nbd2 h5 {[%emt 0:00:31] And now ...h4 would win.} 13. f3 $1 Rb4 {[%emt 0:02:30][%cal Oh5h4] [#]} 14. fxg4 ({White should try} 14. Qe2 $1 $16 h4 15. fxg4 hxg3 16. b3 (16. hxg3 Bxc4 17. Nxc4 Qd5 $15) (16. Qf3 Bd5 $17) 16... Rxh2 17. Qf3) 14... Bxc4 $14 15. Nxc4 Qxd1 16. Rxd1 Rxc4 17. Bd2 Rxg4 18. Ba5 {[%emt 0:03:30] [#]} (18. Rac1 $5 ) 18... Be7 $146 ({Predecessor:} 18... Bc5 19. Kf2 Bb6 20. Bc3 Rg6 21. Kf3 Re6 22. Rd3 O-O 23. Rad1 f6 24. Rd8 h4 25. gxh4 fxe5+ {1-0 (40) Ding,L (2777)-Mamedyarov,S (2799) Huaian 2017}) 19. Bxc7 Rh6 20. Kg2 h4 (20... Rb4 $11) 21. Rd4 $16 Rg5 22. g4 {[%emt 0:03:08] White is more active.} (22. Rad1 $16) 22... c5 $1 $11 23. Re4 Rc6 24. Ba5 Re6 25. Kf3 {[%emt 0:03:40] With the idea Bc3.} Rgxe5 26. Rxe5 Rxe5 {[%emt 0:00:06][%mdl 4096] Endgame KRB-KRB} 27. e4 (27. Bc3 $5 Rd5 28. Ke2 $11 (28. Bxg7 Rd2 $11)) 27... Re6 28. Bc3 Bf6 29. Rc1 Bxc3 30. Rxc3 {[%emt 0:00:03] KR-KR} Re5 31. Rb3 c4 32. Rc3 Rb5 33. Rc2 Kd7 34. Ke3 Rb4 35. g5 Ke6 36. a3 Rb3+ 37. Kd4 c3 38. bxc3 Rxa3 39. Rb2 Ra1 40. Rb6+ Ke7 41. g6 fxg6 42. Rxg6 Kf7 43. Rg4 a5 44. Rxh4 a4 45. Rh8 a3 46. Ra8 a2 {[%emt 0:00:25] ...Rd1+ is the strong threat.} 47. Kc4 Ke6 48. Kb3 Re1 $1 49. Rxa2 {[%emt 0:00:00] Hoping for Rd2.} Rxe4 50. Rd2 {[%emt 0:00:00] Threatens to win with c4.} g5 $2 {[%emt 0:12:10][%mdl 8192] [#] A mistake that costs the game.} (50... Rh4 $14) 51. c4 $1 Kf5 52. Kb4 (52. c5 $142 Kf6 53. c6 Re3+ 54. Kb4 Re1 55. Rc2 Rb1+ 56. Ka4 Ra1+ 57. Kb5 Rb1+ 58. Ka6 Ra1+ 59. Kb7 Rb1+ 60. Ka7 Ra1+ 61. Kb7 Rb1+ 62. Kc7) 52... Kf4 53. Kb5 {[%emt 0:00:00] White mates.} Ke3 54. Rg2 Re5+ 55. c5 Kd4 56. Kb6 Kd5 {[%emt 0:01:55] Weighted Error Value: White=0.06 (flawless) /Black=0.33} 1-0

[Event "FRA-ch Teams Top 16-B 2022"]
[Site "Chartres"]
[Date "2022.06.10"]
[Round "2.2"]
[White "Favarel, Julien"]
[Black "Brunner, Nicolas"]
[Result "1/2-1/2"]
[ECO "B53"]
[WhiteElo "2312"]
[BlackElo "2454"]
[Annotator "TA"]
[PlyCount "97"]
[EventDate "2022.06.09"]
[EventType "team-tourn"]
[EventCountry "FRA"]
[SourceTitle "playchess.com"]
[Source "ChessBase"]
[SourceQuality "1"]
[TimeControl "40/5400+30:1800+30"]

1. e4 c5 2. Nf3 d6 3. d4 cxd4 4. Qxd4 Nf6 5. Bb5+ Bd7 6. c4 {[%emt 0:02:55] B53: Sicilian: 2...d6: Lines with Qxd4.} g6 7. O-O Bg7 8. h3 O-O 9. Nc3 a6 10. Bxd7 Nbxd7 11. Qd3 Nc5 12. Qe2 b5 {[%emt 0:02:34] [#]} 13. e5 $146 ({Predecessor:} 13. cxb5 axb5 14. e5 dxe5 15. Nxe5 b4 16. Nc6 Qd6 17. Nxe7+ Kh8 18. Nb5 Qa6 19. Qc4 {1-0 (47) Nepomniachtchi,I (2717)-Inarkiev,E (2680) Khanty-Mansiysk 2013}) 13... dxe5 14. Nxe5 bxc4 15. Qxc4 Rc8 16. Rd1 Qc7 17. Nd3 Nxd3 18. Qxc7 Rxc7 19. Rxd3 Rfc8 20. Bf4 Rc4 21. Be3 e6 22. Rad1 Ne8 {[%emt 0:01:03] Against Rd6} 23. Rd7 Bxc3 24. bxc3 Rxc3 25. Ra7 R3c6 26. Rdd7 R8c7 27. Rd8 Rc8 $1 28. Rxc8 Rxc8 29. Rxa6 $11 {[%emt 0:00:07][%mdl 4096] Endgame KRB-KRN} Nf6 (29... Kf8 $11 {might be stronger.}) 30. a4 ({White should try} 30. Bh6 $1 $14) 30... Nd5 {[%emt 0:00:30] [#]} (30... Kf8 $11 {remains equal.}) 31. Bh6 $1 $16 Nb4 32. Rb6 Nd5 33. Ra6 Nb4 $1 34. Ra7 Nc6 35. Rb7 Ra8 36. Rc7 Na5 37. h4 {[%emt 0:01:34] White is more active.} e5 38. Rc5 Nb7 39. Rxe5 Nd6 {[%emt 0:00:03] [#]} (39... f5 $16) 40. Rd5 (40. a5 $1 $18) 40... Nf5 $14 41. Bg5 {[%emt 0:07:47] Threatens to win with Rd8+.} Rxa4 {[%emt 0:00:37] The position is equal.} 42. Bf6 Ra8 43. h5 Ng7 44. h6 Nf5 45. Bg5 f6 46. Bxf6 {[%emt 0:01:38] Strongly threatening Bg5.} Nxh6 47. Rd7 Nf7 48. Rc7 Re8 49. f3 {[%emt 0:01:12] Weighted Error Value: White=0.14 (very precise) /Black=0.09 (flawless)} 1/2-1/2

[Event "FRA-ch Teams Top 16-B 2022"]
[Site "Chartres"]
[Date "2022.06.10"]
[Round "2.4"]
[White "Ternault, Mathieu"]
[Black "Hamitevici, Vladimir"]
[Result "0-1"]
[ECO "D02"]
[WhiteElo "2367"]
[BlackElo "2482"]
[Annotator "TA"]
[PlyCount "74"]
[EventDate "2022.06.09"]
[EventType "team-tourn"]
[EventCountry "FRA"]
[SourceTitle "playchess.com"]
[Source "ChessBase"]
[SourceQuality "1"]
[TimeControl "40/5400+30:1800+30"]

1. d4 d5 2. Nf3 c6 3. g3 Nf6 4. Bg2 Bf5 5. Nbd2 h6 6. c4 {[%emt 0:02:38] D02: 1 d4 d5 2 Nf3 sidelines, including 2...Nf6 3 g3 and 2...Nf6 3 Bf4.} e6 7. Ne5 Nbd7 8. Nxd7 {[%emt 0:06:15] The position is equal.} Qxd7 {[%emt 0:00:46] [#]} 9. Nf3 $146 ({Predecessor:} 9. O-O Be7 10. b3 O-O 11. Bb2 Rfd8 12. e3 b5 13. c5 a5 14. a4 b4 15. f3 {1-0 (66) Krasenkow,M (2633)-Cramling,P (2525) Stockholm 2014}) 9... dxc4 10. Ne5 Bb4+ 11. Bd2 (11. Kf1 $11 {keeps the balance.} Qc8 12. Nxc4) 11... Qxd4 $17 12. Bxb4 Qxe5 13. O-O (13. Bc3 $142 Qb5 14. Qd6) 13... Be4 (13... Nd5 $17 14. Ba3 O-O-O) 14. f3 (14. Bc3 $1 $15 Qf5 15. f3) 14... Nd5 ({Better is} 14... Qxb2 $19 15. Qd6 Nd5) 15. Ba3 ({White should try} 15. Bc5 $15 Bg6 16. Bd4) 15... Ne3 16. Qd2 Nxf1 17. Rxf1 Bg6 {[%emt 0:04:45] aiming for ...Rd8.} 18. Rd1 (18. f4 $142 Qc7 19. Qd4) 18... Qc7 {[%emt 0:02:36] Strongly threatening ...Rd8.} 19. Qc3 f6 20. Qxc4 Bf7 (20... Kf7 $19 21. Bd6 Qd7) 21. Bd6 Qb6+ 22. Bc5 {[%emt 0:00:15] [#]} e5 $1 23. Qc2 Qc7 (23... Qa5 $19 {Hoping for ...Rd8.} 24. f4 Rd8) 24. Bd6 Qa5 25. f4 {[%emt 0:02:27][%cal Og2c6] White threatens Bxc6+! and mate.} Rd8 $1 26. fxe5 (26. Bxc6+ $2 bxc6 27. Qxc6+ Rd7 $19) 26... fxe5 27. b4 {[%emt 0:01:07] Bxc6+ is the strong threat.} (27. Bxc6+ $2 bxc6 28. Qxc6+ Rd7 $19) 27... Qb6+ (27... Qxa2 $6 28. Bxc6+ bxc6 29. Qxc6+ Rd7 30. Bc5 $11) 28. Kh1 {[%emt 0:00:42] [#]} Rxd6 $1 29. Rxd6 O-O ({But not} 29... Qxb4 $6 30. Bxc6+ $1 bxc6 31. Qxc6+ Kf8 32. Rd8+ Ke7 33. Qd7+ (33. Rxh8 Qe1+ 34. Kg2 Qxe2+ 35. Kg1 Qd1+ 36. Kf2 Qd4+ 37. Ke1 Qg1+ 38. Kd2 Qxh2+ 39. Kd1 Qg1+ 40. Kd2 Qh2+ 41. Kd1 Qg1+ 42. Kd2 Qh2+ $15) 33... Kf6 34. Qc6+ (34. Rxh8 Qe1+ 35. Kg2 Qxe2+ 36. Kg1 Qe1+ 37. Kg2 Qe4+ 38. Kf2 Qc2+ 39. Ke1 Qe4+ 40. Kf2 Qc2+ 41. Ke1 Qe4+ 42. Kf2 $11) 34... Ke7 35. Rd7+ (35. Rxh8 Qe1+ 36. Kg2 Qxe2+ 37. Kg1 Qd1+ 38. Kf2 Qd4+ 39. Ke1 Qg1+ 40. Kd2 Qxh2+ 41. Kd1 Qg1+ 42. Kd2 Qh2+ 43. Kd1 Qxg3 $17) 35... Kf8 36. Rd8+ Ke7 $11) 30. Qd2 a5 31. a3 (31. bxa5 $142 Qb1+ 32. Qd1 Qxa2 33. Rd7) 31... axb4 32. axb4 Ra8 ({Black should play} 32... Qf2 $17 33. e3 Qxd2 34. Rxd2 Be6) 33. Be4 {[%emt 0:00:12] [#]} (33. h4 $1 $15) 33... Bc4 ({Reject} 33... Ra1+ 34. Kg2 Qg1+ 35. Kh3 Qf1+ 36. Kh4 $15) (33... Qf2 $1 $17 34. Qd1 (34. Rd8+ $2 Be8 $19) 34... Rf8) 34. Kg2 $11 Rf8 $36 {[%emt 0:00:12][%mdl 2048] Black is more active.} 35. Rg6 $2 (35. Bd5+ $11 Bxd5+ 36. Qxd5+ cxd5 37. Rxb6) 35... Qf2+ $19 {[%emt 0:00:21] Black is clearly winning.} 36. Kh3 Bxe2 {[%emt 0:00:46] ( -> ...Bf1+)} 37. Qa2+ Kh8 {[%emt 0:00:26] Weighted Error Value: White=0.58/Black=0.21 (precise)} 0-1

[Event "FRA-ch Teams Top 16-B 2022"]
[Site "Chartres"]
[Date "2022.06.10"]
[Round "2.5"]
[White "Nezar, Mustapha"]
[Black "Boukhris-Ferre, Yacine"]
[Result "1-0"]
[ECO "C57"]
[WhiteElo "2357"]
[BlackElo "2183"]
[Annotator "TA"]
[PlyCount "67"]
[EventDate "2022.06.09"]
[EventType "team-tourn"]
[EventCountry "FRA"]
[SourceTitle "playchess.com"]
[Source "ChessBase"]
[SourceQuality "1"]
[TimeControl "40/5400+30:1800+30"]

1. e4 e5 2. Nf3 Nc6 3. Bc4 Nf6 4. Ng5 d5 5. exd5 b5 6. Bf1 Nd4 7. c3 Nxd5 8. Nxf7 (8. cxd4 $16 Qxg5 9. Bxb5+ Kd8 10. Qf3) 8... Kxf7 $14 {[%emt 0:02:28] C57: Two Knights: Wilkes-Barre/Traxler and 4 Ng5 d5 5 exd5, unusual Black 5th moves.} 9. cxd4 exd4 10. Qf3+ $1 {[%emt 0:14:48] 10.Qf3+ scores better than 10.Bxb5.} (10. Bxb5 $14 {is superior.} Qe7+ 11. Kf1) 10... Nf6 $11 {[%emt 0:18:06] [#] And now ...Qe8+ would win. The position is equal.} 11. Bxb5 (11. Qxa8 $6 Qe8+ 12. Be2 d3 $16) 11... Be6 (11... Qe7+ $1 $11 12. Qe2 (12. Kd1 $2 Bg4 $19) 12... Qxe2+ 13. Bxe2 Nd5) 12. O-O $1 $14 Rb8 13. Ba4 Bd5 14. Qe2 Bd6 15. d3 {[%emt 0:00:47] [#]} Rb4 $146 ({Predecessor:} 15... c6 16. Nd2 Re8 17. Ne4 Nxe4 18. dxe4 Rxe4 19. Qh5+ Kg8 20. g3 Re5 21. Qd1 c5 {1-0 (49) Jelacic,Z-Vajs,D Yugoslavia 1972}) 16. Bb3 Rxb3 17. axb3 {[%emt 0:00:09] Threatens to win with Bg5.} Re8 18. Qd1 Qa8 19. f3 Qb8 20. Na3 ({Better is} 20. Nd2 $18) 20... Bxb3 {[%emt 0:00:57] [#] A strong pair of Bishops.} 21. Qd2 c6 22. f4 Nd5 23. Nc4 Ne3 {[%emt 0:01:43] This costs Black the game.} (23... Bxc4 $16 {is a better defense.} 24. dxc4 Ne3) 24. Nxd6+ $18 (24. Nxe3 dxe3 25. Qe2 Qb6 $11) 24... Qxd6 25. Rxa7+ Kg8 26. Re1 Bd5 27. Qf2 Qc5 28. Rb7 Re6 $2 (28... Qa5 29. Rd7 Bf7 30. Rxd4 (30. Bxe3 dxe3 31. Qg3 e2 $18) (30. Qg3 Nf5 $17) 30... Nd5 31. Rxe8+ Bxe8) 29. f5 ({Stronger than} 29. Qg3 Rg6 30. Rb8+ Kf7 31. Rb7+ Kg8 32. Rb8+ Kf7 33. Rb7+ Kg8 $11) 29... Re5 30. f6 {[%emt 0:02:41] White threatens f7+ and mate.} Rf5 31. Qxf5 Nxf5 32. Re8+ Qf8 33. Rxf8+ Kxf8 34. fxg7+ {[%emt 0:00:06] Weighted Error Value: White=0.38/Black=0.64} 1-0

[Event "FRA-ch Teams Top 16-B 2022"]
[Site "Chartres"]
[Date "2022.06.10"]
[Round "2.6"]
[White "Domenech, Vianney"]
[Black "Savina, Anastasia"]
[Result "1-0"]
[ECO "D03"]
[WhiteElo "2266"]
[BlackElo "2348"]
[Annotator "TA"]
[PlyCount "86"]
[EventDate "2022.06.09"]
[EventType "team-tourn"]
[EventCountry "FRA"]
[SourceTitle "playchess.com"]
[Source "ChessBase"]
[SourceQuality "1"]
[TimeControl "40/5400+30:1800+30"]

1. d4 Nf6 2. Bg5 d5 3. Nd2 Nbd7 4. Ngf3 c5 5. e3 Qb6 {[%emt 0:07:56] [#]} 6. a4 $146 {[%emt 0:20:39] D03: 1 d4 d5 2 Nf3 Nf6 3 Bg5, including Torre Attack with early ...d5.} ({Predecessor:} 6. Rb1 g6 7. Bd3 Bg7 8. c3 O-O 9. O-O Re8 10. Re1 e5 11. dxe5 Nxe5 12. Nxe5 Rxe5 13. Bf4 Re8 14. c4 Be6 15. Qc2 Nh5 16. Bg5 Rac8 17. a3 Qc7 18. Bh4 a6 19. a4 Bf6 {1-0 (37) Erigaisi,A (2526)-Jumabayev,R (2625) Xingtai 2019}) 6... Ne4 7. dxc5 (7. Nxe4 $11 {keeps the balance.} dxe4 8. Nd2) 7... Qxb2 $17 8. Nxe4 {[%emt 0:14:18] Black is better.} (8. Bb5 $2 Nc3 9. Qc1 Qxc1+ 10. Rxc1 a6 $19) 8... dxe4 9. Nd2 Qc3 10. Rb1 a6 (10... Nxc5 $6 11. Bb5+ Bd7 12. Bxd7+ Nxd7 13. O-O $15) 11. Bc4 Nxc5 {[%emt 0:07:03] And now ...Bf5 would win.} 12. O-O Bd7 (12... Bf5 $17 13. Qe2 (13. Qh5 $2 O-O-O $19) 13... Rc8) 13. f3 (13. Bd5 $1 $11 {was the only way to keep the balance.}) 13... h6 (13... f6 $17 14. Qe2 fxg5 15. Nxe4 Qe5 16. Nxc5 Qxc5) 14. Bh4 $15 O-O-O (14... Qxe3+ 15. Bf2 Qg5 16. Nxe4 Nxe4 17. fxe4 $16) (14... e6 $17 15. Qe2 Bxa4 16. Nxe4 Qxc2 17. Nxc5 Qxe2 18. Bxe2 Bxc5 19. Rxb7 Bxe3+ 20. Bf2 Bxf2+ 21. Kxf2 Bc6) 15. Bd5 (15. fxe4 $14 Bxa4 16. Bd5) 15... Bc6 $1 $11 {[%emt 0:00:30] [#]} (15... Qxe3+ $2 16. Bf2 Qxf2+ 17. Kxf2 $18) 16. Nc4 $1 {[%emt 0:03:07] Hoping for Nb6+.} Bxd5 (16... Nxa4 $2 17. Bxc6 b5 18. Qe2 exf3 19. Bxf3 $1 Qxc4 20. Qxc4+ bxc4 21. Bg3 $18) 17. Nb6+ Kb8 18. Bg3+ Ka7 {[%emt 0:00:41] aiming for ...e6.} 19. Bc7 Qxe3+ (19... Rd7 $1 $11 20. Nc8+ (20. Nxd5 Qc4 $11) 20... Ka8 21. Nb6+ Ka7 22. Nxd5 Qc4) 20. Kh1 (20. Rf2 $16 e5 21. Nxd5 (21. Bxd8 Be6 $14)) 20... exf3 21. Rxf3 Bxf3 (21... Qe6 $11) 22. Qxd8 Bxg2+ 23. Kxg2 Qe2+ 24. Kh3 $2 (24. Kg1 Qe3+ 25. Kf1 Qh3+ 26. Ke2 Qg2+ 27. Ke1 Qg1+ 28. Kd2 Qg5+ 29. Kc3 Qf6+ 30. Kb4 Qd4+ 31. Qxd4) 24... Qh5+ $2 (24... Qf3+ $11 25. Bg3 Qf5+ 26. Kg2 Qxc2+ 27. Kf3 Qd3+ 28. Qxd3 Nxd3 29. Nc8+ Ka8 30. Nb6+ Ka7 31. Nc8+ Ka8 32. Nb6+ Ka7) 25. Kg2 Qe2+ 26. Kg1 Qe3+ 27. Kf1 $1 Qf3+ 28. Ke1 $1 Qe3+ 29. Kf1 Qf3+ 30. Ke1 {[%emt 0:00:03][%csl Gd8][%cal Rc7b8] Really sharp!} ({Less strong is} 30. Kg1 Qe3+ 31. Kf1 $18) 30... Qe3+ $1 {[%emt 0:00:03] [#]} (30... Qh1+ {gets mated.} 31. Kf2 Ne4+ 32. Ke3) 31. Kd1 $1 Qg1+ 32. Ke2 Qg2+ {[%emt 0:00:32] [#]} 33. Ke3 $2 (33. Ke1 $1 Qg1+ 34. Kd2 Qg5+ 35. Kc3 Qf6+ 36. Kb4 Qd4+ 37. Qxd4 e5 38. Nc8+ Ka8 39. Qd5 Nd3+ 40. Kc3) 33... Qe4+ $2 (33... Qg5+ $11 34. Ke2 (34. Bf4 Qxf4+ 35. Ke2 Qxh2+ 36. Kf1 Qh1+ 37. Ke2 Qxb1 $11) 34... Qg4+ 35. Kd2 Qg5+ 36. Kc3 Qf6+ 37. Kb4 Qd4+ 38. Qxd4 e5 39. Bb8+ Kxb8 40. Qd8+ Ka7) 34. Kd2 Qg2+ 35. Kc1 Qg5+ 36. Kb2 Nxa4+ 37. Nxa4 Qb5+ 38. Kc3 Qc6+ 39. Kb2 $2 (39. Kd2 {mates} Qg2+ 40. Ke3 Qg5+ 41. Bf4 Qxf4+ 42. Kxf4 e5+ 43. Kxe5 f6+ 44. Ke6) 39... Qb5+ 40. Kc3 $2 (40. Kc1 $11 Qf1+ 41. Kd2 Qg2+ 42. Ke3 Qg5+ 43. Bf4 Qxf4+ 44. Kxf4 e5+ 45. Kxe5) 40... Qc6+ 41. Kd2 {[%emt 0:04:53][%csl Gc7][%cal Rd8b8] White mates.} Qg2+ 42. Ke3 Qh3+ 43. Bg3 Qe6+ {[%emt 0:00:08] Weighted Error Value: White=0.60/Black=0.35} 1-0